 Dungeon Crawl Stone Soup version 0.20.1-1-g8b1a95d (webtiles) character file.

1676 pstr the Conjurer (level 9, -7/48 HPs)
             Began as a Kobold Conjurer on Nov 27, 2017.
             Was a Follower of Vehumet.
             Mangled by an orc warrior
             ... wielding a +0 battleaxe
              (22 damage)
             ... on level 5 of the Dungeon.
             The game lasted 00:17:53 (8040 turns).

pstr the Conjurer (Kobold Conjurer)                 Turns: 8040, Time: 00:17:54

Health: -7/48      AC:  8    Str:  7    XL:     9   Next: 21%
Magic:  11/18      EV: 14    Int: 20    God:    Vehumet [*.....]
Gold:   408        SH:  0    Dex: 15    Spells: 16/20 levels left

rFire    . . .     SeeInvis +   C - +4 quarterstaff (chaos)
rCold    . . .     Gourm    .   (shield currently unavailable)
rNeg     . . .     Faith    .   h - +0 ring mail
rPois    .         Spirit   .   (no helmet)
rElec    .         Reflect  .   D - +1 cloak
rCorr    .         Harm     .   (no gloves)
MR       .....                  e - +0 pair of boots
Stlth    ++........             (no amulet)
Regen    0.2/turn               y - ring of see invisible
MPRegen  0.2/turn               q - +2 ring of strength

@: very slightly contaminated
A: carnivore 3
a: Renounce Religion


You were on level 5 of the Dungeon.
You worshipped Vehumet.
Vehumet was aware of your devotion.
You were completely stuffed.

You visited 2 branches of the dungeon, and saw 7 of its levels.

You collected 408 gold pieces.

Inventory:

Hand Weapons
 d - a +2 dagger of speed
 u - a -3 long sword
 C - a +4 quarterstaff of chaos (weapon)
Missiles
 p - 35 stones (quivered)
 w - 88 arrows
Armour
 a - a +0 robe
 e - a +0 pair of boots (worn)
 h - a +0 ring mail (worn)
 D - a +1 cloak (worn)
Jewellery
 n - an uncursed ring of teleportation
 q - a +2 ring of strength (right hand)
 y - a ring of see invisible (left hand)
Wands
 A - a wand of flame (33/48)
Scrolls
 f - 4 scrolls of identify
 i - 2 scrolls of remove curse
 k - a scroll of immolation
 m - 2 scrolls of magic mapping {unknown}
 o - a scroll of teleportation {unknown}
 t - 2 scrolls of enchant armour {unknown}
Potions
 j - 2 potions of curing
 l - a potion of flight
 r - 4 potions of heal wounds {unknown}
 s - a potion of experience {unknown}
 v - a potion of cancellation
 x - a potion of mutation {unknown}
 z - a potion of invisibility {unknown}
 B - a potion of might {unknown}
Books
 b - a book of Conjurations

   Spells                             Type                      Level
   a - Magic Dart                     Conjuration                  1
   b - Searing Ray                    Conjuration                  2
   c - Dazzling Spray                 Conjuration/Hexes            3
   d - Fulminant Prism                Conjuration/Hexes            4
   e - Force Lance                    Conjuration/Translocation    4
   f - Iskenderun's Mystic Blast      Conjuration                  4
Comestibles
 c - 5 meat rations
 g - 4 royal jellies


   Skills:
 + Level 2.1 Fighting
 + Level 2.8 Long Blades
 + Level 2.6 Armour
 + Level 4.4 Dodging
 + Level 4.7 Stealth
 + Level 6.3 Spellcasting
 + Level 7.2 Conjurations
 + Level 1.2 Earth Magic


You had 16 spell levels left.
You knew the following spells:

 Your Spells              Type           Power        Failure   Level  Hunger
a - Magic Dart            Conj           ####         1%          1    None
b - Searing Ray           Conj           #####.       2%          2    None
c - Sandblast             Erth           ##....       21%         1    None


Dungeon Overview and Level Annotations

Branches:
Dungeon (6/15)             Temple (1/1) D:4

Altars:
Ashenzari
Elyvilon
Fedhas
Kikubaaqudgha
Makhleb
Okawaru
Qazlal
Sif Muna
Trog
Vehumet
Xom
Yredelemnul
Zin
The Shining One

Shops:
D:4 :


Innate Abilities, Weirdness & Mutations

You are small and have problems with some larger weapons.
You are carnivorous and can eat meat at any time.


Message History

The orc warrior is moderately wounded. (Press . to maintain the ray.)
The orc warrior barely misses you.
The searing ray hits the orc warrior.
The orc warrior is moderately wounded.
The orc warrior misses you.
The searing ray hits the orc warrior.
The orc warrior is moderately wounded.
The searing ray hits the orc warrior.
The orc warrior is heavily wounded.
The searing ray hits the orc wizard.
The orc wizard is heavily wounded.
You finish channeling your searing ray.
The orc wizard mumbles some strange words.
The orc wizard seems to speed up.
The orc warrior hits you with a battleaxe!
* * * LOW HITPOINT WARNING * * *
You feel better.
The orc warrior hits you with a battleaxe!!
You die...

###......#############
#........# #....# #...#'####
#...)#
#...#.###########....#
#..>..................
#....o................
#...#o######.#########
#########o######.# ##
#......##@#<.....########.
###......##.####.#'##.......
#........##.## #.####.......
#............###'####.......
#...........##≈≈.≈≈#########
#...........#≈≈≈.≈≈≈########
#...........#≈≈...≈≈#.......
#....########≈≈._.≈≈#######.
#....# ######≈≈...≈≈# #.


You could see an orc warrior, an orc wizard (invisible) and an orc.

Vanquished Creatures
  Pikel (D:5)
  2 phantoms
  A centaur (D:5)
  An ogre (D:4)
  A bullfrog (D:6)
  A scorpion (D:5)
  2 crimson imps (D:5)
  5 hounds
  2 bullfrog skeletons
  Crazy Yiuf (D:5)
  Jessica (D:3)
  2 iguanas (D:5)
  Natasha (thrice) (D:4)
  3 orc wizards
  2 worker ants (D:4)
  6 adders
  A gnoll (D:4)
  3 oozes
  An adder skeleton (D:4)
  2 worms (D:3)
  3 dart slugs
  4 leopard geckos
  16 orcs
  11 giant cockroaches
  5 goblins
  5 hobgoblins
  2 quokkas (D:3)
  8 bats
  8 frilled lizards
  A jackal skeleton (D:6)
  7 kobolds
  A leopard gecko skeleton (D:5)
  6 rats (D:1)
118 creatures vanquished.

Vanquished Creatures (others)
  A sky beast (D:5)
  A slave (D:5)
  A quokka (D:5)
3 creatures vanquished.

Grand Total: 121 creatures vanquished

Notes
Turn   | Place    | Note
-------+----------+-------------------------------------------
     0 | D:1      | pstr the Kobold Conjurer began the quest for the Orb.
     0 | D:1      | Reached XP level 1. HP: 10/10 MP: 3/3
   194 | D:1      | Reached XP level 2. HP: 15/15 MP: 3/5
   198 | D:1      | Learned a level 2 spell: Searing Ray
   932 | D:1      | Reached XP level 3. HP: 19/19 MP: 4/6
  1586 | D:2      | Found a shattered altar of Ashenzari.
  1986 | D:2      | Reached XP level 4. HP: 24/24 MP: 4/8
  2611 | D:3      | Reached skill level 5 in Conjurations
  2977 | D:3      | Reached XP level 5. HP: 28/28 MP: 1/9
  3061 | D:3      | Found a shimmering altar of Xom.
  3297 | D:3      | Noticed Jessica
  3299 | D:3      | Killed Jessica
  3397 | D:3      | Found a burning altar of Makhleb.
  3412 | D:3      | Found a stormy altar of Qazlal.
  3888 | D:3      | Reached XP level 6. HP: 15/32 MP: 0/11
  4405 | D:4      | Found Vekhlem's Book Shoppe.
  4413 | D:4      | Noticed an ogre
  4417 | D:4      | Killed an ogre
  4580 | D:4      | Noticed a phantom
  4604 | D:4      | Killed a phantom
  4604 | D:4      | Reached skill level 1 in Long Blades
  4762 | D:4      | Reached XP level 7. HP: 37/37 MP: 8/13
  4814 | D:4      | Found a staircase to the Ecumenical Temple.
  4878 | Temple   | Entered the Ecumenical Temple
  4973 | Temple   | Became a worshipper of Vehumet
  5386 | D:4      | Noticed Natasha
  5398 | D:4      | Killed Natasha
  5398 | D:4      | Reached skill level 6 in Conjurations
  5682 | D:4      | Noticed Natasha
  5684 | D:4      | Killed Natasha
  5684 | D:4      | Reached skill level 1 in Fighting
  5728 | D:4      | Noticed Natasha
  5732 | D:4      | Killed Natasha
  5954 | D:5      | Entered Level 5 of the Dungeon
  6012 | D:5      | Reached skill level 5 in Spellcasting
  6012 | D:5      | Reached XP level 8. HP: 33/43 MP: 0/15
  6055 | D:5      | Reached skill level 1 in Armour
  6553 | D:5      | Found a white marble altar of Elyvilon.
  6609 | D:5      | Found a runed door.
  6779 | D:5      | Reached * piety under Vehumet
  6779 | D:5      | Offered knowledge of Sandblast by Vehumet.
  6791 | D:5      | Noticed Pikel
  6802 | D:5      | Killed Pikel
  6802 | D:5      | Reached skill level 7 in Conjurations
  6802 | D:5      | Reached XP level 9. HP: 41/48 MP: 1/18
  7038 | D:5      | Learned a level 1 spell: Sandblast
  7056 | D:5      | Found a deep blue altar of Sif Muna.
  7476 | D:5      | Noticed Crazy Yiuf
  7495 | D:5      | Killed Crazy Yiuf
  7977 | D:6      | Reached skill level 1 in Earth Magic
  8040 | D:5      | Mangled by an orc warrior

Skill      XL: |  1  2  3  4  5  6  7  8  9 |
---------------+----------------------------+-----
Conjurations   | 5 6 7 |  7.2
Dodging        | 3 4 |  4.4
Stealth        | 3 4 |  4.7
Spellcasting   | 3 4 5 6 |  6.3
Long Blades    | 1 2 |  2.8
Fighting       | 1 2 |  2.1
Armour         | 2 |  2.6
Earth Magic    | 1 |  1.2

Action                   |  1- 3 |  4- 6 |  7- 9 || total
-------------------------+-------+-------+-------++-------
Melee: Dagger            |    14 |     1 |       ||    15
       Long sword        |       |    22 |    14 ||    36
       Quarterstaff      |       |       |     2 ||     2
 Cast: Magic Dart        |    48 |    75 |    40 ||   163
       Searing Ray       |     7 |    20 |    35 ||    62
       Sandblast         |       |       |    32 ||    32
  Use: Potion            |       |       |     6 ||     6
       Scroll            |       |       |     2 ||     2
  Eat: Chunk             |     6 |    14 |    12 ||    32
Armor: Robe              |     5 |     2 |     2 ||     9
       Ring mail         |       |       |    13 ||    13
Dodge: Dodged            |    19 |    33 |    83 ||   135
       Rpst.: Long sword |       |     8 |    19 ||    27
